 Dungeon Crawl Stone Soup version 0.23-a0-712-g3a644c0 (webtiles) character file.

16 Azzok the Firebug (level 2, 15/19 HPs)
             Began as a Demonspawn Fire Elementalist on Jan 15, 2019.
             Quit the game on level 1 of the Dungeon.
             The game lasted 00:00:32 (211 turns).

Azzok the Firebug (Demonspawn Fire Elementalist)     Turns: 211, Time: 00:00:32

Health: 15/19      AC:  3    Str:  8    XL:     2   Next: 37%
Magic:  0/5        EV: 12    Int: 16    God:
Gold:   0          SH:  0    Dex: 13    Spells: 4/5 levels left

rFire    . . .     SeeInvis .   b - +0 club
rCold    . . .     Gourm    .   (no shield)
rNeg     . . .     Faith    .   a - +0 robe
rPois    .         Spirit   .   h - +0 helmet (curse)
rElec    .         Reflect  .   (no cloak)
rCorr    .         Harm     .   (no gloves)
MR       .....                  (no boots)
Stlth    +++.......             (no amulet)
HPRegen  0.06/turn              (no ring)
MPRegen  0.09/turn              (no ring)

@: no status effects
A: nightstalker 1
a: no special abilities


You were on level 1 of the Dungeon.
You were not hungry.

You visited 1 branch of the dungeon, and saw 1 of its levels.

Inventory:

Hand Weapons
 b - a +0 club (weapon)
Armour
 a - a +0 robe (worn)
 h - a cursed +0 helmet (worn)
Scrolls
 e - 2 scrolls of identify {unknown}
 g - a scroll of teleportation {unknown}
Potions
 f - a potion of flight {unknown}
Comestibles
 c - a ration
 d - 2 chunks of flesh


   Skills:
 - Level 1.7 Dodging
 - Level 1.7 Stealth
 + Level 2.3 Spellcasting
 + Level 1.5 Conjurations
 + Level 3.0 Fire Magic


You had 4 spell levels left.
You knew the following spells:

 Your Spells              Type           Power        Failure   Level  Hunger
a - Flame Tongue          Conj/Fire      #....        8%          1    #......

Your spell library contained the following spells:

 Spells                   Type           Power        Failure   Level  Hunger
 Throw Flame              Conj/Fire      #.....       12%         2    ###....
 Conjure Flame            Conj/Fire      #.......     24%         3    ###....
 Inner Flame              Hex/Fire       #.......     32%         3    ###....
 Sticky Flame             Conj/Fire      #.......     61%         4    #####..
 Fireball                 Conj/Fire      #.........   91%         5    ######.


Dungeon Overview and Level Annotations

Branches:
Dungeon (1/15)

Altars:


Innate Abilities, Weirdness & Mutations

You are slightly more attuned to the shadows.


Message History

Confirm with . or Enter, or press ? or * to list all spells.
Aiming: Flame Tongue (safe; 9% risk of failure)
Press: ? - help, Shift-Dir - straight line, f/p - gnoll
Aim: a gnoll, wielding a +2 spear of venom (severely wounded)
The flame tongue hits the gnoll.
The gnoll is almost dead.
The gnoll hits you from afar with a +2 spear of venom.
Casting: Flame Tongue (safe; 9% risk of failure)
Confirm with . or Enter, or press ? or * to list all spells.
Aiming: Flame Tongue (safe; 9% risk of failure)
Press: ? - help, Shift-Dir - straight line, f/p - gnoll
Aim: a gnoll, wielding a +2 spear of venom (almost dead)
The flame tongue hits the gnoll.
You kill the gnoll!
Your Fire Magic skill increases to level 3!
You have reached level 2!
Your demonic ancestry asserts itself...
You slip into the darkness of the dungeon.
* * * LOW MAGIC WARNING * * *
Are you sure you want to abandon this character and quit the game? (Confirm with "yes".)

▒···▒ ▒
▒···▒ ▒
▒···▒ ▒!··╬
▒···▒ ▒▒▒▒▒
▒·=·▒ ▒····
▒··)▒ ▒····
▒▒▒·▒▒▒▒▒▒▒
▒····
▒@·[····▒
▒····
▒·······▒
▒····
▒·······▒
▒····
▒▒▒·······▒
▒····
▒········▒▒
▒····
▒········▒
▒····
▒········▒
▒▒▒▒▒
▒·>······▒
▒▒▒▒▒
▒▒▒·▒▒▒▒▒▒
▒····


There were no monsters in sight!

Vanquished Creatures
  A gnoll (D:1)
  A giant cockroach (D:1)
  3 goblins (D:1)
  A kobold (D:1)
6 creatures vanquished.

Notes
Turn   | Place    | Note
-------+----------+-------------------------------------------
     0 | D:1      | Azzok the Demonspawn Fire Elementalist began the quest for
                  | the Orb.
     0 | D:1      | Reached XP level 1. HP: 13/13 MP: 3/3
   210 | D:1      | Reached skill level 3 in Fire Magic
   210 | D:1      | Gained mutation: You are slightly more attuned to the
                  | shadows. [demonic ancestry]
   210 | D:1      | Reached XP level 2. HP: 15/19 MP: 0/5
   211 | D:1      | Quit the game

Vault maps used:
D:1:      roderic_dead_forest, minmay_liquid_box

Skill      XL: |  1 |
---------------+----+-----
Fire Magic     | 3 |  3.0
Dodging        | |  1.7
Stealth        | |  1.7
Spellcasting   | |  2.3
Conjurations   | |  1.5

Action                   || total
-------------------------++-------
Melee: Unarmed           ||    16
 Cast: Flame Tongue      ||    12
Armor: Robe              ||     4
Dodge: Dodged            ||    14

Table legend:
 A = Non-vault XP
 B = Vault XP
 C = Vault XP percentage of total XP
 D = Non-vault monster count
 E = Vault monster count
 F = Vault count percentage of total count
                 A         B        C        D         E       F
            +---------+---------+-------+---------+---------+-------
      Total |      23 |       0 |   0.0 |       6 |       0 |   0.0
            +---------+---------+-------+---------+---------+-------
        D:1 |      23 |       0 |   0.0 |       6 |       0 |   0.0
            +---------+---------+-------+---------+---------+-------
